 Dungeon Crawl Stone Soup version 0.24.0-13-gcf9b319 (webtiles) character file.

Game seed: 15313383573302288781, levelgen mode: deterministic

27 Boetheseconed the Ducker (level 2, 0/21 HPs)
             Began as a Demonspawn Wanderer on Nov 27, 2019.
             Slain by a worm (3 damage)
             ... on level 2 of the Dungeon.
             The game lasted 00:04:51 (686 turns).

Boetheseconed the Ducker (Demonspawn Wanderer)       Turns: 686, Time: 00:04:51

Health: 0/21       AC:  3    Str: 10    XL:     2   Next: 93%
Magic:  2/2        EV: 12    Int: 13    God:
Gold:   91         SH:  4    Dex: 14    Spells: 1/1 levels left

rFire    x . .     SeeInvis .   a - +2 dagger
rCold    + . .     Gourm    .   k - +0 buckler
rNeg     . . .     Faith    .   p - +0 leather armour
rPois    .         Spirit   .   (no helmet)
rElec    .         Reflect  .   (no cloak)
rCorr    .         Harm     .   (no gloves)
MR       .....                  (no boots)
Stlth    ++........             (no amulet)
HPRegen  0.07/turn              g - ring of ice
MPRegen  0.08/turn              (no ring)

@: no status effects
A: claws 1
a: no special abilities


You were on level 2 of the Dungeon.
You were not hungry.

You visited 1 branch of the dungeon, and saw 2 of its levels.

You collected 91 gold pieces.

Inventory:

Hand Weapons
 a - a +2 dagger (weapon)
 d - a +0 short sword
Armour
 e - a +0 robe
 k - a +0 buckler (worn)
 p - a +0 leather armour (worn)
Jewellery
 g - a ring of ice (left claw)
Scrolls
 c - a scroll of teleportation
 i - 2 scrolls of identify {unknown}
 j - a scroll of noise {unknown}
 l - a scroll of fear {unknown}
 m - 2 scrolls of amnesia {unknown}
 n - 3 scrolls of immolation {unknown}
 o - a scroll of remove curse {unknown}
Potions
 b - a potion of heal wounds
 h - a potion of cancellation {unknown}
Comestibles
 f - 3 rations


   Skills:
 + Level 1.0 Fighting
 + Level 2.0(2.1) Short Blades
   Level 1.0(1.6) Long Blades
 + Level 3.4 Dodging
 + Level 2.2 Stealth
 + Level 1.0 Shields


You had one spell level left.
You didn't know any spells.
Your spell library was empty.

Dungeon Overview and Level Annotations

Branches:
Dungeon (2/15)

Altars:
Sif Muna


Innate Abilities, Weirdness & Mutations

You have sharp fingernails.


Message History

The leopard gecko is heavily wounded.
You block the leopard gecko's attack.
You hit the leopard gecko.
The leopard gecko is severely wounded.
The leopard gecko closely misses you. The leopard gecko bites you.
* * * LOW HITPOINT WARNING * * *
You hit the leopard gecko.
You kill the leopard gecko!
You hit the quokka but do no damage. The quokka completely misses you.
You hit the quokka.
The quokka is moderately wounded.
The quokka barely misses you. The quokka bites you.
* * * LOW HITPOINT WARNING * * *
You hit the quokka.
The quokka is severely wounded.
The quokka barely misses you.
You hit the quokka.
You kill the quokka!
You completely miss the worm. The worm bites you.
You die...

#. .$. #.. #.# #..
#.# #.. ..# #.#
###.. #..#.# ..
#.... #####
#.#.###...# #.#.#
#...# #..r..lr...
#.#.# #...# #w#
#.#.###...#####@#
##.#..........##.#
..............##.#
##.#....._.......#
#.#.###...#######
#.#.# #...# #.#.#
#...# #.#.# #####
#.#.#


You could see a worm and a rat.

Vanquished Creatures
  2 dart slugs (D:1)
  A leopard gecko (D:2)
  3 bats (D:1)
  A giant cockroach (D:1)
  3 hobgoblins (D:1)
  A quokka (D:2)
  3 frilled lizards (D:1)
  2 goblins (D:1)
  4 kobolds
  2 rats (D:1)
22 creatures vanquished.

Notes
Turn   | Place    | Note
-------+----------+-------------------------------------------
     0 | D:1      | Boetheseconed the Demonspawn Wanderer began the quest for
                  | the Orb.
     0 | D:1      | Boetheseconed set off with the following items: a +2
                  | dagger, a potion of heal wounds, a scroll of teleportation,
                  | a +0 short sword, a +0 robe, a ration
     0 | D:1      | Reached XP level 1. HP: 15/15 MP: 1/1
    57 | D:1      | Reached skill level 3 in Dodging
    64 | D:1      | Gained mutation: You have sharp fingernails. [demonic
                  | ancestry]
    64 | D:1      | Reached XP level 2. HP: 14/21 MP: 2/2
   602 | D:2      | Found a shimmering blue altar of Sif Muna.
   686 | D:2      | Slain by a worm

Levels and vault maps discovered:
D:1:      shiori_shiawase, layout_basic, hangedman_decor_growths,
          kennysheep_nondescript, moated_statue, chequers_jeans
D:2:      layout_loops_ring, nicolae_overflow_hidden_temple,
          overflow_temple_1_default

Skill      XL: |  1  2 |
---------------+-------+-----
Dodging        | 3 |  3.4
Stealth        | 2 |  2.2
Short Blades   | 2 |  2.0
Fighting       | |  1.0
Long Blades    | |  1.0
Shields        | |  1.0

Action                   || total
-------------------------++-------
Melee: Dagger            ||    68
 Stab: Sleeping          ||     3
Armor: Robe              ||    10
       Leather armour    ||     2
Dodge: Dodged            ||    45
Block: Buckler           ||     1
